 Dungeon Crawl Stone Soup version 0.31-a0-1001-g770356a28f (webtiles) character file.

Game seed: 2084738863969898729

9 Chiseanne the Poker (level 2, 22/22 HPs)
             Began as a Demonspawn Wanderer on Nov 8, 2023.
             Quit the game on level 1 of the Dungeon.
             The game lasted 00:00:45 (362 turns).

Chiseanne the Poker (Demonspawn Wanderer)            Turns: 362, Time: 00:00:46

Health: 22/22      AC:  6    Str: 11    XL:     2   Next: 3%
Magic:  3/3        EV:  9    Int: 15    God:
Gold:   53         SH:  0    Dex: 11    Spells: 2/3 levels left

rFire   . . .        a - +1 dagger (venom)
rCold   . . .        (no shield)
rNeg    . . .        h - +0 ring mail
rPois   .            (helmet restricted)
rElec   .            (no cloak)
rCorr   .            b - +0 pair of gloves
SInv    .            (no boots)
Will    .....        (no amulet)
Stlth   +            (no ring)
HPRegen 0.23/turn    (no ring)
MPRegen 0.08/turn

%: no passive effects
@: no status effects
A: antennae 1
a: no special abilities


You were on level 1 of the Dungeon.
You visited 1 branch of the dungeon, and saw 1 of its levels.

You collected 53 gold pieces.

Inventory:

Hand Weapons
 a - a +1 dagger of venom (weapon)
 s - a +2 spear
Missiles
 i - 4 stones
Armour
 b - a +0 pair of gloves (worn)
 h - a +0 ring mail (worn)
Scrolls
 c - 2 scrolls of fog
 d - a scroll of vulnerability {unknown}
 e - 4 scrolls of poison {unknown}
 g - a scroll of fear {unknown}
Potions
 f - a potion of invisibility {unknown}


   Skills:
 * Level 2.1 Fighting
 - Level 4.5 Polearms
 - Level 1.0 Stealth
 - Level 1.0 Spellcasting
 - Level 2.0 Summonings


You had 2 spell levels left.
You knew the following spells:

 Your Spells              Type           Power      Damage    Failure   Level
a - Summon Small Mammal   Summ           24%        N/A       26%         1

Your spell library contained the following spells:

 Spells                   Type           Power      Damage    Failure   Level
 Call Canine Familiar     Summ           6%         N/A       61%         3


Dungeon Overview and Level Annotations

Branches:
Dungeon (1/15)

Altars:


Innate Abilities, Weirdness & Mutations

You have a pair of small antennae on your head.


Message History

There is an open door here.
You open the door. 2 jackals come into view.
The jackal barks!
The jackal bites you.
You closely miss the jackal. You hit the jackal but do no damage.
The jackal is poisoned.
You hit the jackal.
The jackal looks as sick as possible!
The jackal is severely wounded.
You kill the jackal!
The jackal bites you.
You hit the jackal.
The jackal is moderately wounded.
The jackal barely misses you.
You hit the jackal.
The jackal is poisoned.
The jackal is heavily wounded.
You kill the jackal!
Your Fighting skill increases to level 2!
There is an open door here.
You see here a jackal corpse.
As you open the door, it creaks loudly!
Found a scroll labelled KEGHEI NEPTAT.
There is an open door here.
e - 4 scrolls labelled KEGHEI NEPTAT (gained 1)
d - a scroll labelled HOOROETSOY
i - 4 stones A quokka comes into view.
You barely miss the quokka. The quokka barely misses you.
You closely miss the quokka. The quokka barely misses you.
You hit the quokka.
The quokka is poisoned.
The quokka is moderately wounded.
The quokka bites you but does no damage.
The quokka barely misses you.
You closely miss the quokka. Your punch misses the quokka.
The quokka is almost dead.
You kill the quokka!
You have reached level 2!
Your demonic ancestry asserts itself...
A pair of antennae grows on your head!
Are you sure you want to abandon this character and quit the game? (Confirm with "yes".)

...........#.#.##.#
.#######.#.#.#.##.#
.# #.#.#.#.##.# .#
#.....#....# .#
###...#.####.#..
...
................
#...
#####...####.#.#
...
#####...####.#.#.
....
+........@†......
#####.#.##.......
#.#.# .#.#.#. #.#..
.# # # ### ##


There were no monsters in sight!

Vanquished Creatures
  A ball python (D:1)
  A hobgoblin (D:1)
  2 jackals (D:1)
  A quokka (D:1)
  A frilled lizard (D:1)
  2 kobolds (D:1)
8 creatures vanquished.

Notes
Turn   | Place    | Note
-------+----------+-------------------------------------------
     0 | D:1      | Chiseanne the Demonspawn Wanderer began the quest for the
                  | Orb.
     0 | D:1      | Chiseanne set off with the following items: a +2 spear, a
                  | +0 pair of gloves, a scroll of fog, a +0 robe; and the
                  | following spell memorised: Summon Small Mammal; and the
                  | following spells available to memorise: Call Canine
                  | Familiar.
     0 | D:1      | Reached XP level 1. HP: 15/15 MP: 2/2
   362 | D:1      | Gained mutation: You have a pair of small antennae on your
                  | head. [demonic ancestry]
   362 | D:1      | Reached XP level 2. HP: 22/22 MP: 3/3
   362 | D:1      | Quit the game

Illustrated notes

Levels and vault maps discovered:
D:1:      wander_arrival_peaceful_grave, layout_basic,
          dreamdust_ecumenical_altar_statues, kennysheep_small_spiral

Skill      XL: |  1 |
---------------+----+-----
Fighting       | 2 |  2.1
Polearms       | |  4.5
Stealth        | |  1.0
Spellcasting   | |  1.0
Summonings     | |  2.0

Action                     || total
---------------------------++-------
  Melee: Dagger            ||    10
         Spear             ||     9
   Stab: Sleeping          ||     1
 Armour: Ring mail         ||     3
         Robe              ||     2
  Dodge: Dodged            ||     6

Table legend: (Time is in decaauts)
 A = Elapsed time spent in this place.
 B = Non-inter-level travel time spent in this place.
 C = Inter-level travel time spent in this place.
 D = Time resting spent in this place.
 E = Time spent auto-exploring this place.
 F = Levels seen in this place.
 G = Mean time per level.
                   A        B        C        D        E       F      G
               +--------+--------+--------+--------+--------+-----+--------+
         Total |    360 |    317 |     43 |      0 |    240 |   1 |  360.0 |
       Dungeon |    360 |    317 |     43 |      0 |    240 |   1 |  360.0 |
               +--------+--------+--------+--------+--------+-----+--------+

Top non-repeatable levels by time:
     D:1: 360 daAuts
